 Dungeon Crawl Stone Soup version 0.31.0-32-g396128a36d (webtiles) character file.

Game seed: 12669869261304379608

310 Doomgape the Ruffian (level 6, 0/62 HPs)
             Began as a Troll Berserker on Mar 15, 2024.
             Was a Priest of Trog.
             Slain by a steam dragon (1 damage)
             ... on level 5 of the Dungeon.
             The game lasted 00:04:45 (2582 turns).

Doomgape the Ruffian (Troll Berserker)              Turns: 2582, Time: 00:04:46

Health: 0/62       AC:  5    Str: 28    XL:     6   Next: 18%
Magic:  5/5        EV: 10    Int:  3    God:    Trog [***...]
Gold:   128        SH:  0    Dex:  9    Spells: 5/5 levels left

rFire   . .          .
                       - Unarmed
rCold   . . .        (no shield)
rNeg    . . .        a - +1 animal skin
rPois   .            (helmet restricted)
rElec   .            (no cloak)
rCorr   .            (gloves unavailable)
SInv    .            (boots unavailable)
Will    .....        (no amulet)
Stlth   +            (no ring)
HPRegen 1.10/turn    (no ring)
MPRegen 0.09/turn

%: no passive effects
@: no status effects
A: large, unfitting armour, claws 3, regeneration 1, shaggy fur 1, tough skin 1
a: Renounce Religion, Berserk, Trog's Hand


You were on level 5 of the Dungeon.
You worshipped Trog.
Trog was most pleased with you.
You visited 1 branch of the dungeon, and saw 5 of its levels.

You collected 128 gold pieces.

Inventory:

Hand Weapons
 j - the +9 sling "Uracruse" {antimagic, rPois Will+ Int+5 SInv}
   (You found it on level 3 of the Dungeon)

   Int+5:     It affects your intelligence (+5).
   rPois:     It protects you from poison Will+: It increases your willpower.
   SInv:      It lets you see invisible.
Armour
 a - a +1 animal skin (worn)
Jewellery
 l - a ring of ice
 n - the ring of Ugenof Qimi {rPois rF+ Dex+3 Stlth+}
   (You found it on level 3 of the Dungeon)

   [ring of poison resistance]

   Dex+3:     It affects your dexterity (+3).
   rF+:       It protects you from fire.
   rPois:     It protects you from poison Stlth+: It makes you more stealthy.
Scrolls
 d - a scroll of butterflies {unknown}
 e - 3 scrolls of poison
 g - 2 scrolls of teleportation {unknown}
 o - a scroll of revelation {unknown}
 p - a scroll of identify
Potions
 b - 2 potions of heal wounds {unknown}
 c - a potion of attraction
 f - a potion of curing {unknown}
 h - a potion of resistance {unknown}
 i - 2 potions of enlightenment {unknown}
 k - a potion of brilliance {unknown}
 m - a potion of mutation {unknown}
 q - a potion of degeneration {unknown}


   Skills:
 + Level 3.9 Fighting
 + Level 3.8 Dodging
 + Level 4.6 Unarmed Combat


You had 5 spell levels left.
You didn't know any spells.
Your spell library was empty.

Dungeon Overview and Level Annotations

Branches:
Dungeon (5/15)
 Temple: D:4-7

Altars:
Fedhas
Hepliaklqana
Sif Muna

Shops:
D:5 :


Innate Abilities, Weirdness & Mutations

You are too large for most types of armour.
You have claws for hands.
Your natural rate of healing is unusually fast.
You are covered in fur. (AC +1)
You have tough skin. (AC +1)


Message History

An orc comes into view. It is wielding a +0 falchion.
The ogre closely misses you.
You barely miss the ogre.
The ogre is moderately wounded.
The steam dragon hisses angrily.
You scratch the ogre.
The ogre is heavily wounded.
The ogre hits you with a +0 giant club!!
You claw the ogre!
The ogre is severely wounded.
The ogre barely misses you.
You claw the ogre!
You kill the ogre!
Trog accepts your kill.
You have reached level 6!
You feel stronger.
You closely miss the orc. The orc hits you with a +0 falchion.
You claw the orc!
You kill the orc!
Trog accepts your kill.
You closely miss the steam dragon. The steam dragon closely misses you.
The steam dragon claws you but does no damage.
You completely miss the steam dragon. The steam dragon bites you.
The steam dragon claws you.
You barely miss the steam dragon.
The steam dragon bites you but does no damage.
The steam dragon closely misses you.
You scratch the steam dragon but do no damage.
The steam dragon breathes steam at you. The ball of steam hits you!
* * * LOW HITPOINT WARNING * * *
You hear a shout! x2
You scratch the steam dragon.
The steam dragon is lightly wounded.
You are engulfed in a cloud of scalding steam.
* * * LOW HITPOINT WARNING * * *
The steam dragon bites you.
* * * LOW HITPOINT WARNING * * *
The steam dragon claws you.
You die...

# ##+# #. ..#
#.♣♣♣.###########.#.
#.....#..§§@D)...8.<
+.._..'..§###..#...#
#.....###.####+# .
#.♣♣♣.# #...#
#.....# #####
#+###'## .+
#..##.####
##.......#
###..#######


You could see a steam dragon (catching breath).

Vanquished Creatures
  An ogre (D:5)
  A hound (D:4)
  Natasha (D:2)
  An iguana (D:4)
  An orc wizard (D:3)
  5 adders
  A dart slug (D:4)
  A ribbon worm (D:2)
  7 orcs
  6 bats
  3 endoplasms
  3 giant cockroaches
  7 goblins
  4 hobgoblins
  4 jackals (D:1)
  A quokka (D:2)
  3 ball pythons
  8 frilled lizards
  6 kobolds
  7 rats
71 creatures vanquished.

Notes
Turn   | Place    | Note
-------+----------+-------------------------------------------
     0 | D:1      | Doomgape the Troll Berserker began the quest for the Orb.
     0 | D:1      | Reached XP level 1. HP: 22/22 MP: 0/0
   148 | D:1      | Reached XP level 2. HP: 27/29 MP: 1/1
   274 | D:1      | Reached ** piety under Trog
   397 | D:1      | Reached XP level 3. HP: 36/36 MP: 2/2
  1010 | D:2      | Noticed Natasha
  1014 | D:2      | Killed Natasha
  1015 | D:2      | Reached XP level 4. HP: 45/45 MP: 3/3
  1201 | D:3      | Identified the +9 sling "Uracruse" {antimagic, rPois Will+
                  | Int+5 SInv}
  1359 | D:3      | Reached skill level 4 in Unarmed Combat
  1453 | D:3      | Found a blossoming altar of Fedhas.
  1628 | D:3      | Identified the ring of Ugenof Qimi {rPois rF+ Dex+3 Stlth+}
  1667 | D:3      | Reached *** piety under Trog
  1669 | D:3      | Reached XP level 5. HP: 53/53 MP: 4/4
  1671 | D:3      | Noticed a water moccasin
  1698 | D:3      | Found a hazy altar of Hepliaklqana.
  2537 | D:5      | Entered Level 5 of the Dungeon
  2537 | D:5      | Found Haninna's Book Emporium.
  2550 | D:5      | Found a shimmering blue altar of Sif Muna.
  2563 | D:5      | Noticed an ogre
  2568 | D:5      | Noticed a steam dragon
  2572 | D:5      | Killed an ogre
  2573 | D:5      | Reached XP level 6. HP: 28/62 MP: 5/5
  2582 | D:5      | HP: 1/62 [steam dragon (4)]
  2582 | D:5      | Slain by a steam dragon

Illustrated notes

Levels and vault maps discovered:
D:1:      eino_arrival_druids_welcome, layout_basic, minivault_19,
          grunt_decor_resistance
D:2:      layout_rooms, uniq_natasha
D:3:      layout_loops_ring, worldfamousw_hep_ancestral_shrine, fedhas_altar_1,
          lightli_corner_chamber
D:4:      layout_cave_pods
D:5:      layout_rooms, mainiacjoe_overflow_concentric_impassable,
          mainiacjoe_overflow_six_doors_small, serial_shops,
          nicolae_shop_hallway_plus, nicolae_shop_mannequins,
          nicolae_stop_n_shop_1, shop_statue, nicolae_shop_real_fake_doors

Skill      XL: |  1  2  3  4 |
---------------+-------------+-----
Fighting       | 3 |  3.9
Dodging        | 3 |  3.8
Unarmed Combat | 4 |  4.6

Action                     |  1- 3 |  4- 6 || total
---------------------------+-------+-------++-------
  Melee: Unarmed           |   103 |    87 ||   190
         Punch             |     1 |       ||     1
   Fire: Sling             |       |     3 ||     3
    Use: Scroll            |     4 |       ||     4
   Stab: Sleeping          |     1 |       ||     1
 Armour: Animal skin       |    59 |    54 ||   113
  Dodge: Dodged            |    48 |    26 ||    74
